 Dungeon Crawl Stone Soup version 0.30-a0-845-g7c6808c8ce (webtiles) character file.

Game seed: 1547795569164401443

170 Bnni the Stinger (level 5, -2/39 HPs)
             Began as a Formicid Venom Mage on Mar 3, 2023.
             Slain by an ice beast (11 damage)
             ... on level 4 of the Dungeon.
             The game lasted 00:06:53 (3716 turns).

Bnni the Stinger (Formicid Venom Mage)              Turns: 3716, Time: 00:06:53

Health: -2/39      AC:  2    Str: 13    XL:     5   Next: 80%
Magic:  1/9        EV: 12    Int: 16    God:
Gold:   228        SH:  0    Dex: 14    Spells: 0/10 levels left

rFire   . . .      SeeInvis +    c - +0 short sword
rCold   . . .      Faith    .    (no shield)
rNeg    . . .      Spirit   .    a - +0 robe
rPois   .          Reflect  .    (helmet unavailable)
rElec   .          Rampage  .    (no cloak)
rCorr   .                        (no gloves)
Will    .....                    (no boots)
Stlth   ++                       (no amulet)
HPRegen 0.26/turn                k - ring of flight
MPRegen 0.11/turn                (no ring)

@: flying
A: permanent stasis, dig shafts and tunnels, antennae 3, four strong arms
a: Dig, Shaft Self


You were on level 4 of the Dungeon.
You visited 1 branch of the dungeon, and saw 4 of its levels.

You collected 228 gold pieces.

Inventory:

Hand Weapons
 c - a +0 short sword (weapon)
Armour
 a - a +0 robe (worn)
 h - a +0 plate armour
Magical Staves
 e - a staff of air
Jewellery
 k - a ring of flight (left hand)
 q - a ring of ice
Wands
 p - a wand of polymorph (6)
Scrolls
 d - 3 scrolls of poison {unknown}
 f - 2 scrolls of teleportation {unknown}
 i - 2 scrolls of fog {unknown}
 j - a scroll of magic mapping {unknown}
 l - 5 scrolls of identify {unknown}
 m - 2 scrolls of vulnerability {unknown}
 s - a scroll of silence {unknown}
Potions
 b - 2 potions of magic
 g - 2 potions of heal wounds {unknown}
 n - a potion of brilliance {unknown}
 r - a potion of flight {unknown}
 t - a potion of attraction {unknown}


   Skills:
 + Level 2.4 Fighting
 - Level 1.7 Dodging
 - Level 2.4 Stealth
 - Level 3.0 Spellcasting
 - Level 1.1 Transmutations
 + Level 0.8 Air Magic
 * Level 6.4 Poison Magic


You couldn't memorise any spells.
You knew the following spells:

 Your Spells              Type           Power      Damage    Failure   Level
a - Sting                 Tmut/Pois      56%        1d5       4%          1
b - Poisonous Vapours     Pois/Air       26%        N/A       6%          2
c - Mephitic Cloud        Conj/Pois/Air  10%        N/A       22%         3
d - Olgreb's Toxic Radia  Pois           22%        N/A       14%         4

Your spell library contained the following spells:

 Spells                   Type           Power      Damage    Failure   Level
 Shock                    Conj/Air       12%        1d3       16%         1
 Airstrike                Air            2%         2d(1-17)  80%         4
 Swiftness                Air            Unusable   N/A       N/A         3

Dungeon Overview and Level Annotations

Branches:
Dungeon (4/15)
 Temple: D:4-7

Altars:
Gozag
Nemelex Xobeh

Shops:
D:2 [   D:3 [

Annotations:
D:3 1 runed translucent door, TryHard88's ghost, weakling MiBe


Innate Abilities, Weirdness & Mutations

You cannot be hasted, slowed, berserked, paralysed or teleported.
You can dig through walls and to a lower floor.
You have a pair of large antennae on your head. (SInv)
Your four strong arms can wield two-handed weapons with a shield.


Message History

* * * LOW HITPOINT WARNING * * *
You are too injured to fight recklessly!
Aiming: Sting (safe; 4% risk of failure)
Press: ? - help, Q - select action, (/) - cycle Shift-Dir - straight line, f/p - ice beast
Aim: an ice beast (moderately wounded, very poisoned, 71% to hit)
The sting hits the ice beast but does no damage.
The ice beast looks as sick as possible!
The ice beast is moderately wounded.
The ice beast barely misses you.
Press: ? - help, v - describe, . - travel The floor.
Aiming: Sting (safe; 4% risk of failure)
Press: ? - help, Q - select action, (/) - cycle Shift-Dir - straight line, f/p - ice beast
Aim: an ice beast (moderately wounded, extremely poisoned, 71% to hit)
Okay, then.
Unknown command.
Aiming: Polymorph
Press: ? - help, Shift-Dir - straight line, f/p - ice beast
Aim: an ice beast (moderately wounded, extremely poisoned, will become a water moccasin, an acid dragon, or a bullfrog, chance to affect: 49%)
Okay, then.
Unknown command.
Aiming: Sting (safe; 4% risk of failure)
Press: ? - help, Q - select action, (/) - cycle Shift-Dir - straight line, f/p - ice beast
Aim: an ice beast (moderately wounded, extremely poisoned, 71% to hit)
The sting hits the ice beast but does no damage.
The ice beast looks as sick as possible!
The ice beast is moderately wounded.
The ice beast hits you but does no damage.
You are too injured to fight recklessly!
c - a +0 short sword (weapon)
You hit the ice beast but do no damage.
The ice beast is heavily wounded.
The ice beast hits you.
* * * LOW HITPOINT WARNING * * *
The ice beast freezes you!
* * * LOW HITPOINT WARNING * * *
You feel better. The ice beast hits you.
* * * LOW HITPOINT WARNING * * *
The ice beast freezes you!
You die...

#######
#.....#
#.....#
#.....#
#.....#
###.....#
#<'.....+
###@.[..#
#Y....#
#....(#
#.....#
#.....#
#.....#
#######


You could see an ice beast (very poisoned).

Vanquished Creatures
  3 adders
  7 gnolls
  A worm (D:3)
  A dart slug (D:1)
  3 orcs (D:3)
  6 ball pythons
  8 bats
  7 endoplasms
  4 giant cockroaches
  6 goblins
  4 hobgoblins
  6 jackals (D:3)
  4 kobolds
  3 frilled lizards (D:1)
  4 rats
67 creatures vanquished.

Notes
Turn   | Place    | Note
-------+----------+-------------------------------------------
     0 | D:1      | Bnni the Formicid Venom Mage began the quest for the Orb.
     0 | D:1      | Reached XP level 1. HP: 13/13 MP: 3/3
    92 | D:1      | Reached XP level 2. HP: 17/20 MP: 0/5
   249 | D:1      | Learned a level 2 spell: Poisonous Vapours
   428 | D:1      | Reached skill level 1 in Fighting
   525 | D:1      | Reached XP level 3. HP: 26/26 MP: 3/6
  1113 | D:2      | Reached skill level 5 in Poison Magic
  1257 | D:2      | Reached XP level 4. HP: 15/32 MP: 0/8
  1339 | D:2      | Learned a level 4 spell: Olgreb's Toxic Radiance
  1687 | D:2      | Found Buucvi's Armour Boutique.
  2327 | D:3      | Found a runed translucent door.
  2328 | D:3      | Noticed TryHard88's ghost (weakling MiBe)
  2485 | D:3      | Reached XP level 5. HP: 38/38 MP: 2/9
  2488 | D:3      | Reached skill level 6 in Poison Magic
  2592 | D:3      | Found Coasett's Antique Armour Emporium.
  2843 | D:3      | Found an opulent altar of Gozag.
  3156 | D:3      | Found a sparkling altar of Nemelex Xobeh.
  3667 | D:3      | Learned a level 3 spell: Mephitic Cloud
  3703 | D:4      | Noticed an ice beast
  3715 | D:4      | HP: 1/39 [ice beast (8)]
  3716 | D:4      | Slain by an ice beast

Illustrated notes

Levels and vault maps discovered:
D:1:      lightli_arrival_noodles, layout_basic
D:2:      layout_loops_corners, serial_shops, shop
D:3:      layout_loops_corners, lemuel_coloured_pillars_altar,
          nicolae_gozag_cash_rules_everything_around_me, serial_shops, shop,
          hellmonk_ghost_happy_afterlife
D:4:      minmay_opposing_rooms, layout_basic, mainiacjoe_overflow_chevrons,
          overflow_temple_1_default, minmay_temple_entry_slanted, serial_shops,
          nicolae_shop_behind_doors, uniq_blork_the_orc

Skill      XL: |  1  2  3  4  5 |
---------------+----------------+-----
Fighting       | 1 2 |  2.4
Poison Magic   | 5 6 |  6.4
Spellcasting   | 3 |  3.0
Dodging        | |  1.7
Stealth        | |  2.4
Transmutations | |  1.1
Air Magic      | |  0.8

Action                     |  1- 3 |  4- 6 || total
---------------------------+-------+-------++-------
  Melee: Unarmed           |    13 |       ||    13
         Short sword       |     6 |     1 ||     7
         Staff             |     9 |    40 ||    49
   Cast: Sting             |    57 |    37 ||    94
         Olgreb's Toxic Ra |       |     6 ||     6
         Poisonous Vapours |       |     3 ||     3
    Use: Potion            |       |     1 ||     1
   Stab: Sleeping          |       |     1 ||     1
 Armour: Robe              |    12 |     6 ||    18
  Dodge: Dodged            |    32 |    39 ||    71

Table legend: (Time is in decaauts)
 A = Elapsed time spent in this place.
 B = Non-inter-level travel time spent in this place.
 C = Inter-level travel time spent in this place.
 D = Time resting spent in this place.
 E = Time spent auto-exploring this place.
 F = Levels seen in this place.
 G = Mean time per level.
                   A        B        C        D        E       F      G
               +--------+--------+--------+--------+--------+-----+--------+
         Total |   3722 |   3668 |     54 |    278 |   2928 |   4 |  930.5 |
       Dungeon |   3722 |   3668 |     54 |    278 |   2928 |   4 |  930.5 |
               +--------+--------+--------+--------+--------+-----+--------+

Top non-repeatable levels by time:
     D:3: 1413 daAuts
     D:2: 1288 daAuts
     D:1: 1005 daAuts
     D:4: 14 daAuts
